 Dungeon Crawl Stone Soup version 0.30-a0-159-g068b764562 (webtiles) character file.

Game seed: 2952845041824240715

774 zishaf the Gusty (level 7, 0/43 HPs)
             Began as a Tengu Air Elementalist on Sept 27, 2022.
             Was an Initiate of Vehumet.
             Killed by their own static electricity (2 damage)
             ... on level 4 of the Dungeon.
             The game lasted 00:10:48 (5655 turns).

zishaf the Gusty (Tengu Air Elementalist)           Turns: 5655, Time: 00:10:50

Health: 0/43       AC:  4    Str:  8    XL:     7   Next: 84%
Magic:  4/12       EV: 14    Int: 17    God:    Vehumet [......]
Gold:   219        SH:  5    Dex: 15    Spells: 4/14 levels left

rFire   . . .      SeeInvis .    j - +1 dagger (venom)
rCold   . . .      Faith    .    (no shield)
rNeg    . . .      Spirit   .    a - +0 robe
rPois   .          Reflect  +    (helmet restricted)
rElec   .          Harm     .    o - +2 cloak
rCorr   +          Rampage  .    (no gloves)
Will    +....                    (boots unavailable)
Stlth   ++........               q - amulet of reflection
HPRegen 0.14/turn                n - ring of resist corrosion
MPRegen 0.13/turn                v - ring of wizardry

@: flying quickly and evasively, quick
A: beak, talons 3, nimble flight, deformed body, low MP 1, strong-willed 1
a: Renounce Religion


You were on level 4 of the Dungeon.
You worshipped Vehumet.
Vehumet was noncommittal.
You visited 2 branches of the dungeon, and saw 6 of its levels.

You collected 219 gold pieces.

Inventory:

Hand Weapons
 d - a +0 short sword
 j - a +1 dagger of venom (weapon)
 l - a +0 short sword of electrocution
Armour
 a - a +0 robe (worn)
 o - a +2 cloak (worn)
Jewellery
 n - a ring of resist corrosion (left hand)
 p - an amulet of regeneration
 q - an amulet of reflection (around neck)
 v - a ring of wizardry (right hand)
Wands
 s - a wand of roots (11)
Scrolls
 h - a scroll of identify
 k - a scroll of magic mapping
 m - a scroll of enchant weapon {unknown}
Potions
 b - a potion of magic
 c - a potion of flight {unknown}
 e - a potion of might {unknown}
 f - a potion of brilliance {unknown}
 g - a potion of haste {unknown}
 i - 4 potions of curing
 r - 2 potions of heal wounds {unknown}


   Skills:
 + Level 4.1 Fighting
 - Level 2.1 Dodging
 - Level 2.0 Stealth
 - Level 4.0 Spellcasting
 + Level 5.6 Conjurations
 + Level 6.9 Air Magic
 + Level 0.0 Evocations


You had 4 spell levels left.
You knew the following spells:

 Your Spells              Type           Power      Damage    Failure   Level
a - Shock                 Conj/Air       96%        1d9       1%          1
b - Airstrike             Air            13%        2d(2-18)  3%          4
A - Static Discharge      Conj/Air       48%        2-4/arc   1%          2
B - Swiftness             Air            27%        N/A       1%          3

Your spell library contained the following spells:

 Spells                   Type           Power      Damage    Failure   Level
 Kiss of Death            Conj/Necr      52%        2d9       1%          1
 Magic Dart               Conj           88%        1d7       1%          1
 Mephitic Cloud           Conj/Pois/Air  17%        N/A       3%          3
 Call Imp                 Summ           3%         N/A       10%         2
 Confusing Touch          Hex            3%         N/A       19%         3
 Dispel Undead            Necr           3%         3d7       50%         4


Dungeon Overview and Level Annotations

Branches:
Dungeon (5/15)             Temple (1/1) D:4

Altars:
Cheibriados
Elyvilon
Gozag
Hepliaklqana
Kikubaaqudgha
Makhleb
Nemelex Xobeh
Okawaru
Qazlal
Ru
Sif Muna
Trog
Uskayaw
Vehumet
Wu Jian
Xom
Yredelemnul
Zin
The Shining One


Innate Abilities, Weirdness & Mutations

You have a beak for a mouth.
You have claws for feet.
Your magical nature lets you fly swiftly and evasively.
Armour fits poorly on your strangely shaped body.
Your magical capacity is low. (-10% MP)
You are strong-willed. (Will+)


Message History

There is a stone staircase leading up here.
There are monsters nearby!
Okay, then.
You block the ice beast's attack.
You fly upwards.
There is a stone staircase leading down here.
Casting: Shock (safe; 1% risk of failure)
Confirm with . or Enter, or press ? or * to list all spells.
The ice beast is struck by an arc of lightning.
The ice beast is moderately wounded.
You are struck by an arc of lightning.
The ice beast is struck by an arc of lightning.
The ice beast is moderately wounded.
The lightning grounds out.
The ice beast barely misses you.
Casting: Static Discharge (safe; 1% risk of failure)
Confirm with . or Enter, or press ? or * to list all spells.
The ice beast is struck by an arc of lightning.
The ice beast is heavily wounded.
You are struck by an arc of lightning.
The ice beast is struck by an arc of lightning.
The ice beast is severely wounded.
You are struck by an arc of lightning.
The lightning grounds out.
The ice beast hits you. The ice beast freezes you!
Casting: Static Discharge (safe; 1% risk of failure)
Confirm with . or Enter, or press ? or * to list all spells.
The ice beast is struck by an arc of lightning.
The ice beast is severely wounded.
You are struck by an arc of lightning.
The ice beast is struck by an arc of lightning.
The ice beast is almost dead.
You are struck by an arc of lightning.
The lightning grounds out.
The ice beast hits you. The ice beast freezes you!
* * * LOW HITPOINT WARNING * * *
Casting: Static Discharge (safe; 1% risk of failure)
Confirm with . or Enter, or press ? or * to list all spells.
The ice beast is struck by an arc of lightning.
You kill the ice beast!
Vehumet accepts your kill.
You are struck by an arc of lightning.
You die...

### #..
################### #..
#.................# #..
#.................###..
#...........(.......'..
####...#+#........###..
###............).......
#.'...@................
#.#....................
#.#....................
#.#.....[..............
###.#....).....##########
#...############ #######
#...# ########## #......
#...# #........# #......
#...###........# #......


There were no monsters in sight!

Vanquished Creatures
  2 water moccasins (D:4)
  2 ice beasts
  2 necrophages (D:4)
  An orc priest (D:4)
  2 hounds (D:4)
  An orc wizard (D:4)
  Robin (D:4)
  7 gnolls
  5 adders
  A worm (D:2)
  2 dart slugs
  9 orcs
  9 ball pythons
  7 endoplasms
  3 giant cockroaches
  11 hobgoblins
  4 jackals (D:1)
  5 kobolds
  5 quokkas
  5 bats
  3 frilled lizards
  19 goblins
  7 rats
113 creatures vanquished.

Vanquished Creatures (others)
  A fungus (D:3)
  A plant (D:3)
2 creatures vanquished.

Grand Total: 115 creatures vanquished

Notes
Turn   | Place    | Note
-------+----------+-------------------------------------------
     0 | D:1      | zishaf the Tengu Air Elementalist began the quest for the
                  | Orb.
     0 | D:1      | Reached XP level 1. HP: 10/10 MP: 4/4
   177 | D:1      | Reached XP level 2. HP: 14/16 MP: 0/6
   245 | D:1      | Learned a level 2 spell: Static Discharge
   487 | D:1      | Reached skill level 1 in Fighting
   692 | D:1      | Reached XP level 3. HP: 20/20 MP: 3/7
   700 | D:1      | Learned a level 3 spell: Swiftness
  1583 | D:2      | Reached XP level 4. HP: 25/25 MP: 4/8
  1987 | D:2      | Reached skill level 5 in Air Magic
  2523 | D:3      | Gained mutation: Your magical nature lets you fly swiftly
                  | and evasively. [Tengu growth]
  2523 | D:3      | Reached XP level 5. HP: 30/30 MP: 8/10
  2947 | D:3      | Found a faded altar of an unknown god.
  2998 | D:3      | Noticed an ice beast
  3011 | D:3      | Killed an ice beast
  3012 | D:3      | Reached XP level 6. HP: 12/36 MP: 0/11
  3332 | D:3      | Learned a level 4 spell: Airstrike
  3849 | D:4      | Found a staircase to the Ecumenical Temple.
  3861 | Temple   | Entered the Ecumenical Temple
  4094 | Temple   | Became a worshipper of Vehumet
  4132 | D:4      | Noticed Robin
  4156 | D:4      | Killed Robin
  4157 | D:4      | Reached skill level 6 in Air Magic
  4305 | D:4      | Gained mutation: Your body sometimes deteriorates upon
                  | taking damage. [potion of mutation]
  4305 | D:4      | Gained mutation: You sometimes lose your temper in combat.
                  | [potion of mutation]
  4306 | D:4      | Lost mutation: Your body sometimes deteriorates upon taking
                  | damage. [potion of mutation]
  4306 | D:4      | Lost mutation: You sometimes lose your temper in combat.
                  | [potion of mutation]
  4306 | D:4      | Gained mutation: You are strong-willed. (Will+) [potion of
                  | mutation]
  4306 | D:4      | Gained mutation: Armour fits poorly on your strangely
                  | shaped body. [potion of mutation]
  4306 | D:4      | Gained mutation: Your magical capacity is low. (-10% MP)
                  | [potion of mutation]
  4503 | D:4      | Noticed a water moccasin
  4508 | D:4      | Killed a water moccasin
  4509 | D:4      | Reached XP level 7. HP: 38/41 MP: 4/12
  4620 | D:4      | Found a basalt altar of Yredelemnul.
  4794 | D:4      | Reached skill level 5 in Conjurations
  5647 | D:5      | Entered Level 5 of the Dungeon
  5654 | D:4      | HP: 2/43 [ice beast (14)]
  5655 | D:4      | Killed from afar by themself

Illustrated notes

Levels and vault maps discovered:
D:1:      matt_arrival_grand_opening, layout_rooms, serial_rivers,
          chequers_serial_rivers_small_b, chequers_serial_rivers_micro_a,
          chequers_serial_rivers_small_a, chequers_serial_rivers_large_a,
          chequers_serial_rivers_small_a, chequers_serial_rivers_room_b
D:2:      layout_loops_ring
D:3:      layout_rooms, dreamdust_ecumenical_altar_grove, kennysheep_nub
D:4:      layout_basic, mainiacjoe_overflow_alcove_2, minmay_temple_entry_hall,
          corexii_corridor_pit, minmay_misc_feat_secret_circle, uniq_robin
D:5:      layout_loops_ring, mainiacjoe_overflow_paths, serial_shops,
          nicolae_shop_trees, chequers_serial_rivers_small_3
Temple:   dpeg_three_leaves_temple

Skill      XL: |  1  2  3  4  5  6  7 |
---------------+----------------------+-----
Conjurations   | 2 3 4 5 |  5.6
Fighting       | 1 2 3 4 |  4.1
Air Magic      | 5 6 |  6.9
Spellcasting   | 3 4 |  4.0
Dodging        | |  2.1
Stealth        | |  2.0

Action                   |  1- 3 |  4- 6 |  7- 9 || total
-------------------------+-------+-------+-------++-------
Melee: Unarmed           |     7 |       |       ||     7
       Kick              |     5 |     2 |     7 ||    14
       Short sword       |     5 |       |       ||     5
       Dagger            |    10 |     3 |    17 ||    30
       Peck              |     1 |     1 |     2 ||     4
 Cast: Shock             |    79 |   127 |    14 ||   220
       Static Discharge  |     1 |    14 |    13 ||    28
  Use: Scroll            |       |     9 |       ||     9
       Potion            |       |     2 |       ||     2
Armor: Robe              |     4 |     7 |     5 ||    16
Dodge: Dodged            |    23 |    21 |    12 ||    56
Block: Other             |       |     2 |     4 ||     6

Table legend: (Time is in decaauts)
 A = Elapsed time spent in this place.
 B = Non-inter-level travel time spent in this place.
 C = Inter-level travel time spent in this place.
 D = Time resting spent in this place.
 E = Time spent auto-exploring this place.
 F = Levels seen in this place.
 G = Mean time per level.
                   A        B        C        D        E       F      G
               +--------+--------+--------+--------+--------+-----+--------+
         Total |   5543 |   5414 |    129 |    648 |   3974 |   6 |  923.8 |
       Dungeon |   5308 |   5189 |    119 |    508 |   3974 |   5 | 1061.6 |
        Temple |    235 |    226 |      9 |    140 |      0 |   1 |  235.0 |
               +--------+--------+--------+--------+--------+-----+--------+

Top non-repeatable levels by time:
     D:4: 1834 daAuts
     D:1: 1368 daAuts
     D:3: 1052 daAuts
     D:2: 1050 daAuts
  Temple: 235 daAuts
     D:5: 3 daAuts
